 Dungeon Crawl Stone Soup version 0.31-a0-819-gf6de2f5ab6 (webtiles) character file.

Game seed: 10093084623652467954

929 qw the Skirmisher (level 8, -5/49 HPs)
             Began as a Gargoyle Hunter on Sept 23, 2023.
             Slain by a troll (7 damage)
             ... on level 6 of the Dungeon.
             The game lasted 00:01:58 (4324 turns).

qw the Skirmisher (Gargoyle Hunter)                 Turns: 4324, Time: 00:01:59

Health: -5/49      AC: 18    Str: 15    XL:     8   Next: 11%
Magic:  8/8        EV: 12    Int: 10    God:
Gold:   260        SH:  0    Dex: 15    Spells: 7/7 levels left

rFire   . . .        Y - +1 shortbow
rCold   . . .        (shield currently unavailable)
rNeg    + + .        p - +3 leather armour
rPois   inf          (no helmet)
rElec   +            f - +0 cloak
rCorr   .            m - +2 pair of gloves
SInv    .            i - +1 pair of boots
Will    +....        (no amulet)
Stlth   ++           b - ring of willpower
HPRegen 0.28/turn    r - ring of positive energy
MPRegen 0.11/turn

%: no passive effects
@: no status effects
A: sickness immunity, AC +5, negative energy resistance 1, electricity
resistance, torment resistance 1, petrification resistance
a: no special abilities


You were on level 6 of the Dungeon.
You visited 2 branches of the dungeon, and saw 7 of its levels.

You collected 260 gold pieces.


Innate Abilities, Weirdness & Mutations

You are immune to sickness and miasma.
Your stone body is resilient. (AC +5)
You are immune to poison.
You resist negative energy. (rN+)
You are resistant to electric shocks. (rElec)
You are resistant to unholy torment.
You are immune to petrification.


   Skills:
 - Level 5.0 Fighting
 + Level 8.4 Ranged Weapons
 - Level 1.9 Armour
 - Level 2.5 Dodging
 - Level 1.1 Stealth


You had 7 spell levels left.
You didn't know any spells.
Your spell library was empty.

Inventory:

Hand Weapons
 Y - a +1 shortbow (weapon)
Armour
 f - a +0 cloak (worn)
 i - a +1 pair of boots (worn)
 m - a +2 pair of gloves (worn)
 p - a +3 leather armour (worn)
Jewellery
 b - a ring of willpower (left hand)
 r - a ring of positive energy (right hand)
Scrolls
 a - a scroll of identify
Potions
 c - a potion of haste
 d - a potion of brilliance {unknown}
 e - a potion of enlightenment {unknown}
 g - a potion of degeneration {unknown}
 h - a potion of resistance {unknown}
 j - 2 potions of curing
 k - a potion of cancellation {unknown}
 l - a potion of lignification {unknown}
 n - a potion of might {unknown}
 o - a potion of mutation {unknown}
 s - a potion of berserk rage {unknown}

Dungeon Overview and Level Annotations

Branches:
Dungeon (6/15)             Temple (1/1) D:5

Altars:
Ashenzari
Cheibriados
Dithmenos
Elyvilon
Fedhas
Kikubaaqudgha
Makhleb
Nemelex Xobeh
Qazlal
Ru
Uskayaw
Vehumet
Wu Jian
Xom
Yredelemnul
Zin
The Shining One


Message History

The troll claws you!
You shoot an arrow. The arrow hits the troll.
The troll is severely wounded.
The troll closely misses you. The troll claws you!
The troll closely misses you.
You shoot an arrow. The arrow hits the troll!
The troll is almost dead.
The troll closely misses you. The troll claws you but does no damage.
The troll barely misses you.
You shoot an arrow. The arrow hits the troll.
The troll is almost dead.
The troll bites you but does no damage. The troll barely misses you.
The troll claws you.
You shoot an arrow. The arrow closely misses the troll.
The arrow hits the ogre!
The ogre is severely wounded.
The troll barely misses you. x2; The troll closely misses you.
You shoot an arrow. The arrow hits the troll.
The troll is almost dead.
The troll barely misses you. The troll claws you but does no damage.
The troll closely misses you.
You shoot an arrow. The arrow hits the troll.
The troll is almost dead.
The troll completely misses you. The troll barely misses you.
The troll claws you but does no damage.
You shoot an arrow. The arrow completely misses the troll.
The arrow hits the ogre.
The ogre is almost dead.
The troll closely misses you.
The troll claws you but does no damage. x2
You shoot an arrow. The arrow hits the troll.
The troll is almost dead.
The troll closely misses you. x2; The troll barely misses you.
You shoot an arrow. The arrow closely misses the troll.
The arrow hits the ogre!
You kill the ogre!
The troll bites you. The troll claws you. The troll barely misses you.
You shoot an arrow. The arrow hits the troll.
The troll is almost dead.
The troll closely misses you. The troll claws you but does no damage.
The troll closely misses you.
You shoot an arrow. The arrow barely misses the troll.
The troll bites you!
You die...

##. ... ##.. ..
...... ...#.
........W. ....
#.........
...#####.........
#?##.....##......
#.#..#....#......
#.'..............
#@#.#..?.........
#T###........#...
.). #........#...
...?.#............
...#..####....#....
##.. ..# #....# ...
.##. .## #....# ..
.(..#### ...#####
##....# .
..................
#..#.####


You could see a troll.

Vanquished Creatures
  2 ogres
  A phantom (D:4)
  4 scorpions
  3 jellies
  A hound (D:4)
  2 orc priests (D:4)
  An iguana (D:4)
  A sleepcap (D:5)
  Ijyb (D:5)
  An orc wizard (D:4)
  3 adders
  A shadow imp (D:6)
  A white imp (D:6)
  A worm (D:3)
  3 dart slugs
  20 orcs
  5 bats
  6 endoplasms
  5 giant cockroaches
  10 goblins
  9 hobgoblins
  4 jackals (D:2)
  4 kobolds
  3 quokkas
  7 ball pythons
  6 frilled lizards
  4 rats (D:2)
109 creatures vanquished.

Notes
Turn   | Place    | Note
-------+----------+-------------------------------------------
     0 | D:1      | qw the Gargoyle Hunter began the quest for the Orb.
     0 | D:1      | Reached XP level 1. HP: 12/12 MP: 1/1
     0 | D:1      | 0 ||| qw: Version: 0.3-a-83-gcd0e7d8
     0 | D:1      | 0 ||| qw: Game counter: 1412
     0 | D:1      | 0 ||| qw: Melee chars always use a shield: true
     0 | D:1      | 0 ||| qw: God list: Okawaru
     0 | D:1      | 0 ||| qw: Allow faded altars: false
     0 | D:1      | 0 ||| qw: Do Orc after clearing Dungeon:15 true
     0 | D:1      | 0 ||| qw: Do second Lair branch before Depths: true
     0 | D:1      | 0 ||| qw: Lair rune preference: random
     0 | D:1      | 0 ||| qw: Goals: Normal
     0 | D:1      | 0 ||| PLANNING D:1-11
   154 | D:1      | Reached XP level 2. HP: 16/17 MP: 2/2
   692 | D:1      | 692 ||| UPGRADING to +0 pair of gloves.
   697 | D:1      | 697 ||| UPGRADING to +0 ring mail.
   707 | D:1      | 707 ||| DROPPING +0 leather armour.
   708 | D:1      | 708 ||| UPGRADING to +2 pair of gloves.
   718 | D:1      | 718 ||| DROPPING +0 pair of gloves.
   719 | D:1      | 719 ||| READING scroll labelled TYUNOO MUTHRY.
   720 | D:1      | 720 ||| READING scroll labelled ZOTWIX GOARA.
   721 | D:1      | 721 ||| READING 2 scrolls labelled QEUBIE IPPAG.
   722 | D:1      | 722 ||| READING scroll labelled ITTUZO CINEASO.
   726 | D:1      | 726 ||| DROPPING scroll of butterflies.
   727 | D:1      | 727 ||| DROPPING scroll of revelation.
   737 | D:2      | 737 ||| STAIRDANCE
   746 | D:1      | Reached skill level 1 in Armour
   746 | D:1      | Reached XP level 3. HP: 15/21 MP: 3/3
   805 | D:2      | Found a shimmering altar of Xom.
   882 | D:2      | Reached skill level 5 in Ranged Weapons
  1079 | D:2      | Reached skill level 3 in Fighting
  1079 | D:2      | Reached XP level 4. HP: 28/28 MP: 4/4
  1214 | D:2      | Identified the +0 robe "Sofemeg" {Str+2}
  1301 | D:2      | 1301 ||| DROPPING +0 robe "Sofemeg" {Str+2}.
  1302 | D:2      | 1302 ||| READING 2 scrolls labelled XUBROT MEQUPT.
  1303 | D:2      | 1303 ||| READING scroll labelled ECOASI SAUGY.
  1304 | D:2      | 1304 ||| READING scroll labelled TYBENK NIHE.
  1305 | D:2      | 1305 ||| READING scroll labelled ALUMOMAUKH.
  1329 | D:3      | Found a shadowy altar of Dithmenos.
  1482 | D:3      | Identified the +2 dagger of Propriety {flame, rF+ Str+2
                  | Int-4}
  2115 | D:3      | 2115 ||| UPGRADING to +0 pair of boots.
  2120 | D:3      | 2120 ||| DROPPING +1 pair of gloves.
  2121 | D:3      | 2121 ||| UPGRADING to ring of willpower.
  2122 | D:3      | 2122 ||| READING 2 scrolls of identify.
  2122 | D:3      | 2122 ||| IDENTIFYING fizzy white potion
  2161 | D:4      | Noticed a scorpion
  2166 | D:4      | Killed a scorpion
  2167 | D:4      | Reached skill level 6 in Ranged Weapons
  2167 | D:4      | Reached XP level 5. HP: 28/32 MP: 5/5
  2198 | D:4      | Noticed a phantom
  2199 | D:4      | 2199 ||| Stepping ~*~*~tactically~*~*~ (retreating).
  2203 | D:4      | 2203 ||| Stepping ~*~*~tactically~*~*~ (retreating).
  2203 | D:4      | HP: 5/32 [orc priest/divine providence (14)]
  2204 | D:4      | 2204 ||| READING 2 scrolls of teleportation.
  2205 | D:4      | 2205 ||| Stepping ~*~*~tactically~*~*~ (retreating).
  2206 | D:4      | 2206 ||| Stepping ~*~*~tactically~*~*~ (retreating).
  2208 | D:4      | 2208 ||| FLEEEEING.
  2216 | D:4      | 2216 ||| READING scroll of teleportation.
  2445 | D:4      | Found a sparkling altar of Nemelex Xobeh.
  2631 | D:4      | Killed a phantom
  2632 | D:4      | Reached XP level 6. HP: 39/39 MP: 6/6
  2732 | D:4      | 2732 ||| FLEEEEING.
  2737 | D:4      | 2737 ||| FLEEEEING.
  2738 | D:4      | 2738 ||| FLEEEEING.
  2739 | D:4      | 2739 ||| FLEEEEING.
  2899 | D:4      | Reached XP level 7. HP: 44/44 MP: 7/7
  2946 | D:4      | Reached skill level 7 in Ranged Weapons
  3185 | D:4      | 3185 ||| UPGRADING to +3 leather armour.
  3195 | D:4      | 3195 ||| DROPPING +0 ring mail.
  3196 | D:4      | 3196 ||| READING scroll labelled BOVECV AQOTOS.
  3197 | D:4      | 3197 ||| DRINKING 3 emerald potions.
  3202 | D:5      | Entered Level 5 of the Dungeon
  3334 | D:5      | Found a staircase to the Ecumenical Temple.
  3335 | D:5      | 3335 ||| PLANNING TEMPLE
  3335 | D:5      | 3335 ||| UPGRADING to +0 cloak.
  3348 | Temple   | Entered the Ecumenical Temple
  3349 | Temple   | 3349 ||| PLANNING D:1-11
  3364 | D:5      | Noticed a rust devil
  3463 | D:5      | 3463 ||| FLEEEEING.
  3464 | D:5      | 3464 ||| FLEEEEING.
  3465 | D:5      | 3465 ||| FLEEEEING.
  3466 | D:5      | 3466 ||| FLEEEEING.
  3468 | D:5      | 3468 ||| FLEEEEING.
  3469 | D:5      | 3469 ||| FLEEEEING.
  3470 | D:5      | 3470 ||| FLEEEEING.
  3471 | D:5      | 3471 ||| FLEEEEING.
  3472 | D:5      | 3472 ||| FLEEEEING.
  3473 | D:5      | 3473 ||| FLEEEEING.
  3474 | D:5      | 3474 ||| FLEEEEING.
  3475 | D:5      | 3475 ||| FLEEEEING.
  3476 | D:5      | 3476 ||| FLEEEEING.
  3477 | D:5      | 3477 ||| FLEEEEING.
  3478 | D:5      | 3478 ||| FLEEEEING.
  3479 | D:5      | 3479 ||| FLEEEEING.
  3480 | D:5      | 3480 ||| FLEEEEING.
  3481 | D:5      | 3481 ||| FLEEEEING.
  3482 | D:5      | 3482 ||| FLEEEEING.
  3483 | D:5      | 3483 ||| FLEEEEING.
  3484 | D:5      | 3484 ||| FLEEEEING.
  3485 | D:5      | 3485 ||| FLEEEEING.
  3486 | D:5      | 3486 ||| FLEEEEING.
  3487 | D:5      | 3487 ||| FLEEEEING.
  3488 | D:5      | 3488 ||| FLEEEEING.
  3489 | D:5      | 3489 ||| FLEEEEING.
  3490 | D:5      | 3490 ||| FLEEEEING.
  3491 | D:5      | 3491 ||| FLEEEEING.
  3492 | D:5      | 3492 ||| FLEEEEING.
  3493 | D:5      | 3493 ||| FLEEEEING.
  3494 | D:5      | 3494 ||| FLEEEEING.
  3495 | D:5      | 3495 ||| STAIRDANCE
  3625 | D:5      | 3625 ||| READING scroll of enchant armour.
  3625 | D:5      | 3625 ||| ENCHANTING +0 pair of boots.
  3698 | D:5      | Found a white marble altar of Elyvilon.
  3816 | D:5      | Noticed an angel
  3844 | D:5      | Noticed Ijyb
  3860 | D:5      | Killed Ijyb
  4065 | D:5      | 4065 ||| UPGRADING to ring of positive energy.
  4066 | D:5      | 4066 ||| READING scroll labelled HOAM HEGEWUFENN.
  4067 | D:5      | 4067 ||| DRINKING 2 dark potions.
  4100 | D:6      | 4100 ||| STAIRDANCE
  4107 | D:6      | 4107 ||| STAIRDANCE
  4167 | D:6      | 4167 ||| STAIRDANCE
  4238 | D:6      | Reached skill level 8 in Ranged Weapons
  4283 | D:6      | 4283 ||| RETREEAATING.
  4285 | D:6      | Reached XP level 8. HP: 49/49 MP: 8/8
  4296 | D:6      | Noticed a troll
  4297 | D:6      | 4297 ||| RETREEAATING.
  4311 | D:6      | HP: 5/49 [troll (11)]
  4312 | D:6      | 4312 ||| DRINKING potion of heal wounds.
  4316 | D:6      | HP: 11/49 [troll (6)]
  4322 | D:6      | HP: 7/49 [troll (6)]
  4322 | D:6      | HP: 1/49 [troll (6)]
  4324 | D:6      | Slain by a troll

Levels and vault maps discovered:
D:1:      dpeg_arrival_rooms_b, layout_basic, minmay_tromino_v7
D:2:      minmay_general_purpose_star, layout_basic, basic_altar
D:3:      layout_basic, grunt_dithmenos_smoke, serial_curves, eino_curves_03,
          eino_curves_02, hangedman_decor_push, kennysheep_nondescript
D:4:      layout_gridville, nemelex_xobeh_ov_fountains_minmay
D:5:      layout_loops_corners, nicolae_elyvilon_peaceful_grove, temple_garden,
          hangedman_abyss_or_decor_lesser_grid, uniq_ijyb
D:6:      minmay_octagon_keep, layout_cave_pools, nicolae_sif_muna_condensation
Temple:   nicolae_temple_ecumenical_triangle

Skill      XL: |  1  2  3  4  5  6  7 |
---------------+----------------------+-----
Armour         | 1 |  1.9
Ranged Weapons | 5 6 8 |  8.4
Fighting       | 3 4 5 |  5.0
Dodging        | 2 |  2.5
Stealth        | |  1.1

Action                     |  1- 3 |  4- 6 |  7- 9 || total
---------------------------+-------+-------+-------++-------
   Fire: Shortbow          |   114 |   180 |   146 ||   440
    Use: Scroll            |     4 |     7 |     3 ||    14
         Potion            |       |       |     3 ||     3
 Armour: Leather armour    |     6 |       |    86 ||    92
         Ring mail         |    48 |    64 |    21 ||   133
  Dodge: Dodged            |    46 |    51 |    75 ||   172

Table legend:
 A = Non-vault XP
 B = Vault XP
 C = Vault XP percentage of total XP
 D = Non-vault monster count
 E = Vault monster count
 F = Vault count percentage of total count
                 A         B        C        D         E       F
            +---------+---------+-------+---------+---------+-------
      Total |    1168 |     160 |  12.0 |     101 |       8 |   7.3
            +---------+---------+-------+---------+---------+-------
        D:1 |      42 |       5 |  10.6 |      15 |       3 |  16.7
        D:2 |      56 |       3 |   5.1 |      24 |       3 |  11.1
        D:3 |      36 |       0 |   0.0 |      17 |       0 |   0.0
        D:4 |     528 |       0 |   0.0 |      31 |       0 |   0.0
        D:5 |     320 |      36 |  10.1 |       8 |       1 |  11.1
        D:6 |     186 |     116 |  38.4 |       6 |       1 |  14.3
            +---------+---------+-------+---------+---------+-------
